 Dungeon Crawl Stone Soup version 0.29-a0-297-g7659ce593d (webtiles) character file.

Game seed: 10115576762741963977

9428 dmit999 the Reanimator (level 11, -3/92 HPs)
             Began as a Ghoul Necromancer on Mar 20, 2022.
             Was a Priest of Ashenzari.
             Slain by a meliai
             ... wielding a +2 vorpal hand axe
              (13 damage)
             ... on level 10 of the Dungeon on Apr 5, 2022.
             The game lasted 05:42:18 (19605 turns).

dmit999 the Reanimator (Ghoul Necromancer)         Turns: 19605, Time: 05:42:19

Health: -3/92      AC:  6    Str: 13    XL:     11   Next: 46%
Magic:  19/30      EV: 15    Int: 14    God:    Ashenzari [***...]
Gold:   482        SH:  5    Dex: 15    Spells: 11/25 levels left

rFire   + . .      SeeInvis +   g - +1 hunting sling
rCold   + + .      Faith    .   (no shield)
rNeg    + + +      Spirit   .   m - +2 robe of the Fated Paranoia {rC+ rF+, Fort, Comp} (curse)
rPois   ∞          Reflect  +   o - +0 helmet of the Circumscribed Sun {Cun, Evo} (curse)
rElec   .          Harm     .   r - scarf {+Inv}
rCorr   .          Rampage  .   (no gloves)
Will    .....      Clarity  +   i - +0 pair of boots "Prophetic Omission" {Bglg, Self} (curse)
Stlth   ++++......              k - amulet "I Foresaw This" {Reflect SH+5, Melee, Alch} (curse)
HPRegen 0.00/turn               v - ring "Cryptic Sybil" {MP+9, Elem, Alch} (curse)
MPRegen 0.22/turn               y - +6 ring of dexterity

@: inhibited regen
A: claws 1, cold resistance 1, negative energy resistance 3, inhibited
regeneration, torment resistance 2, devour on kill
a: Renounce Religion, Evoke Invisibility, Curse Item, Shatter the Chains


You were on level 10 of the Dungeon.
You worshipped Ashenzari.
Ashenzari was most pleased with you.
You visited 1 branch of the dungeon, and saw 10 of its levels.
You also visited: Bailey.

You collected 482 gold pieces.

Inventory:

Hand Weapons
 d - a +2 broad axe of flaming
 g - a +1 hunting sling (weapon)
Missiles
 p - a boomerang
 q - 25 poisoned darts (quivered)
 s - 5 throwing nets
Armour
 i - the cursed +0 pair of boots "Prophetic Omission" (worn) {Bglg, Self}
   (You found it on level 7 of the Dungeon)

   It has a curse which improves the following skills: Beguiling: Conjurations,
   Hexes and Translocations.
   Introspection: Fighting and Spellcasting.
 m - the cursed +2 robe of the Fated Paranoia (worn) {rC+ rF+, Fort, Comp}
   (You found it on level 2 of the Dungeon)

   It has a curse which improves the following skills: Fortitude: Armour and
   Shields.
   Companions: Summonings and Necromancy.
 o - the cursed +0 helmet of the Circumscribed Sun (worn) {Cun, Evo}
   (You took it off Robin on level 3 of the Dungeon)

   It has a curse which improves the following skills: Cunning: Dodging and
   Stealth.
   Evocations: Evocations.
 r - a scarf of invisibility (worn)
Jewellery
 e - an amulet of magic regeneration
 k - the cursed amulet "I Foresaw This" (around neck) {Reflect SH+5, Melee, Alch}
   (You found it on level 2 of the Dungeon)

   [amulet of reflection]

   It reflects blocked missile attacks.
   SH:        It affects your SH (+5).
   It has a curse which improves the following skills: Melee Combat: Short
   Blades, Long Blades, Axes, Maces & Flails, Polearms, Staves and Unarmed
   Combat.
   Alchemy:   Poison Magic and Transmutations.
 n - a ring of ice
 t - an amulet of guardian spirit
 v - the cursed ring "Cryptic Sybil" (left claw) {MP+9, Elem, Alch}
   (You found it on level 3 of the Dungeon)

   [ring of magical power]

   MP:        It affects your magic capacity (+9).
   It has a curse which improves the following skills: Elements: Fire Magic, Ice
   Magic, Air Magic and Earth Magic.
   Alchemy:   Poison Magic and Transmutations.
 y - a +6 ring of dexterity (right claw)
Wands
 h - a wand of mindburst (7)
 u - a wand of polymorph (19)
 w - a wand of paralysis (2)
 B - a wand of flame (4)
Scrolls
 f - 3 scrolls of immolation
 x - 5 scrolls of identify
 A - a scroll of fog
Potions
 a - 3 potions of brilliance
 b - a potion of magic
 c - a potion of resistance
 l - 2 potions of might


   Skills:
 + Level 5.8(7.4) Fighting
 + Level 9.3 Slings
 + Level 4.9(6.5) Dodging
 + Level 7.3(9.0) Stealth
 - Level 1.4(2.5) Unarmed Combat
 + Level 5.9(7.5) Spellcasting
 * Level 9.4(11.0) Necromancy


You had 11 spell levels left.
You knew the following spells:

 Your Spells              Type           Power      Damage    Failure   Level
a - Pain                  Necr           100%       1d9       1%          1
b - Animate Skeleton      Necr           72%        N/A       1%          1
c - Vampiric Draining     Necr           36%        2d8       1%          3
d - Animate Dead          Necr           18%        N/A       1%          4
e - Agony                 Necr           36%        N/A       4%          5

Your spell library contained the following spells:

 Spells                   Type           Power      Damage    Failure   Level
 Summon Small Mammal      Summ           20%        N/A       13%         1
 Static Discharge         Conj/Air       5%         N/A       19%         2
 Ignite Poison            Fire/Tmut/Pois 6%         N/A       34%         3
 Call Canine Familiar     Summ           5%         N/A       36%         3
 Conjure Flame            Conj/Fire      5%         6-21      36%         3
 Gell's Gravitas          Tloc           5%         N/A       36%         3
 Ozocubu's Armour         Ice            5%         N/A       36%         3
 Summon Guardian Golem    Hex/Summ       5%         N/A       36%         3
 Teleport Other           Tloc           5%         N/A       36%         3
 Animate Armour           Summ/Erth      10%        N/A       77%         4
 Sticky Flame             Conj/Fire      5%         2d3       77%         4
 Lightning Bolt           Conj/Air       2%         1d14      98%         5
 Silence                  Hex/Air        2%         N/A       98%         5
 Dispersal                Tloc           2%         N/A       100%        6
 Iron Shot                Conj/Erth      2%         9d2       100%        6
 Ozocubu's Refrigeration  Ice            2%         4d5       100%        7
 Maxwell's Capacitive Co  Air            2%         ∞         100%        8
 Beastly Appendage        Tmut           Unusable   N/A       N/A         1
 Wereblood                Tmut           Unusable   N/A       N/A         2
 Spider Form              Tmut/Pois      Unusable   N/A       N/A         3
 Blade Hands              Tmut           Unusable   N/A       N/A         5
 Storm Form               Tmut/Air       Unusable   N/A       N/A         7

Dungeon Overview and Level Annotations

Branches:
Dungeon (10/15)            Temple (0/1) D:5            Lair (0/6) D:9
 Bailey (visited)
    Orc: D:9-12

Altars:
Ashenzari
Makhleb
Okawaru
Ru
Uskayaw
Yredelemnul

Shops:
D:1 [

Portals:
Trove: D:10 (give +2 fire dragon scales)

Annotations:
D:6 Grinder
D:10 Gastronok, Lodul


Innate Abilities, Weirdness & Mutations

You are immune to poison.
You have sharp fingernails.
Your flesh is cold resistant. (rC+)
You are immune to negative energy. (rN+++)
You do not regenerate when monsters are visible.
You are immune to unholy pain and torment.
You thrive by killing the living.


Message History

Aim: a meliai, wielding a +0 hand axe and wearing a +0 robe (almost dead, very poisoned)
You draw life force from the meliai!
You kill the meliai!
You feel life coursing into your body.
The meliai hits you with a +2 vorpal hand axe.
You block the meliai's attack.
Unknown command.
Casting: Vampiric Draining (safe; 1% risk of failure)
Confirm with . or Enter, or press ? or * to list all spells.
Okay, then.
Casting: Vampiric Draining (safe; 1% risk of failure)
Confirm with . or Enter, or press ? or * to list all spells.
Aiming: Vampiric Draining (safe; 1% risk of failure)
Press: ? - help, Shift-Dir - straight line, f - meliai
Aim: a meliai, wielding a +2 vorpal hand axe and wearing a +0 leather armour You draw life force from the meliai!
You feel life coursing into your body. You block the meliai's attack.
The meliai closely misses you.
The meliai invokes the aid of its god against you.
Something smites you!
The meliai hits you with a +2 vorpal hand axe.
* * * LOW HITPOINT WARNING * * *
The meliai stings you.
* * * LOW HITPOINT WARNING * * *
You feel better.
The meliai hits you with a +2 vorpal hand axe.
* * * LOW HITPOINT WARNING * * *
The meliai stings you.
* * * LOW HITPOINT WARNING * * *
The meliai barely misses you.
The meliai stings you but does no damage.
The meliai mumbles some strange prayers to its god against you.
Something smites you!
* * * LOW HITPOINT WARNING * * *
Aiming: Mindburst
Press: ? - help, Q - select action, (/) - cycle Shift-Dir - straight line, f/p - meliai
Aim: a meliai, wielding a +2 vorpal hand axe and wearing a +0 leather armour (moderately wounded, chance to affect: 64%)
The meliai's mind is blasted!
The meliai barely misses you. The meliai closely misses you.
The meliai hits you with a +2 vorpal hand axe!
You die...

* #....# * > * #....#
#...#########....# ###
#...*#...........# #<#
.∩.*#.#####.....####.# ...
#.###*#.....#....# #.#
#?##....#.###.##.# #.#
#.##.####.###.##.####
#####.###.##.yy@......##....#
#.?.$.....##.###########.##.#
#####.######( #.##.# #.# #y*
* * #....# #.# #y ,, * ######
#$# #( ** ### #. #( *


You could see 2 meliai.

Vanquished Creatures
  A death yak (D:9)
  2 two-headed ogres
  Pikel (D:5)
  An elephant (D:9)
  Maggie (D:8)
  A meliai (D:10)
  3 trolls (D:9)
  A shadow (D:9)
  A wraith (D:9)
  A wyvern (D:10)
  2 steam dragons
  A basilisk (D:9)
  Menkaure (D:4)
  2 water moccasins
  4 orc warriors
  2 black bears
  3 sky beasts
  2 ogres (D:5)
  7 wolves (Bailey)
  2 centaurs
  A phantom (D:5)
  3 kobold brigands
  8 gnoll sergeants
  3 bullfrogs
  5 scorpions
  2 wights
  5 killer bees (D:8)
  2 howler monkeys (D:7)
  5 hounds
  2 jellies
  3 orc priests
  8 gnoll shamans
  Jessica (D:3)
  5 orc wizards
  Robin (D:3)
  15 gnolls
  10 adders
  2 white imps
  An ufetubus (D:5)
  4 worms
  2 dart slugs (D:3)
  26 orcs
  5 endoplasms
  6 giant cockroaches
  12 goblins
  9 hobgoblins
  10 jackals
  3 quokkas
  6 ball pythons
  7 bats
  6 frilled lizards
  19 kobolds
  2 rats (D:1)
238 creatures vanquished.

Vanquished Creatures (collateral kills)
  A kobold brigand (D:9)
  A gnoll sergeant (Bailey)
  4 gnolls (Bailey)
  2 orcs
  An endoplasm (D:3)
  A hobgoblin (D:3)
  A kobold (D:9)
11 creatures vanquished.

Vanquished Creatures (others)
  An orc (D:9)
  A fungus (D:9)
  20 plants (D:2)
22 creatures vanquished.

Grand Total: 271 creatures vanquished

Notes
Turn   | Place    | Note
-------+----------+-------------------------------------------
     0 | D:1      | dmit999 the Ghoul Necromancer began the quest for the Orb.
     0 | D:1      | Reached XP level 1. HP: 14/14 MP: 2/2
     2 | D:1      | Learned a level 1 spell: Animate Skeleton
   570 | D:1      | Reached XP level 2. HP: 20/20 MP: 2/4
   786 | D:1      | Found Zodolo's Armour Shop.
   997 | D:1      | Got the Incunabulum of Feathers
  1095 | D:2      | Reached XP level 3. HP: 15/26 MP: 3/5
  2191 | D:2      | Learned a level 3 spell: Vampiric Draining
  2225 | D:2      | Reached XP level 4. HP: 33/33 MP: 3/6
  2547 | D:2      | Found a faded altar of an unknown god.
  3164 | D:3      | Reached skill level 5 in Necromancy
  3394 | D:3      | Noticed Robin
  3449 | D:3      | Killed Robin
  3450 | D:3      | Reached XP level 5. HP: 38/38 MP: 0/7
  3725 | D:3      | Noticed Jessica
  4071 | D:3      | Killed Jessica
  4252 | D:3      | Learned a level 4 spell: Animate Dead
  5208 | D:4      | Noticed a water moccasin
  5240 | D:4      | Killed a water moccasin
  5241 | D:4      | Reached skill level 1 in Fighting
  5241 | D:4      | Reached skill level 1 in Unarmed Combat
  5241 | D:4      | Reached XP level 6. HP: 39/47 MP: 6/9
  6049 | D:4      | Reached XP level 7. HP: 55/55 MP: 11/11
  6134 | D:4      | Found a broken altar of Ashenzari.
  6134 | D:4      | Found a basalt altar of Yredelemnul.
  6134 | D:4      | Found a burning altar of Makhleb.
  6134 | D:4      | Found an iron altar of Okawaru.
  6145 | D:4      | Became a worshipper of Ashenzari the Shackled
  6264 | D:5      | Entered Level 5 of the Dungeon
  6589 | D:4      | Noticed Menkaure
  6771 | D:5      | Noticed Pikel
  8183 | D:5      | Reached skill level 1 in Slings
  8435 | D:6      | Noticed Grinder
  8503 | D:5      | Found a staircase to the Ecumenical Temple.
  9284 | D:5      | Reached XP level 8. HP: 44/61 MP: 13/13
 10179 | D:5      | Killed Pikel
 10610 | D:5      | Reached XP level 9. HP: 67/67 MP: 14/14
 11165 | D:4      | Killed Menkaure
 12227 | D:7      | Reached * piety under Ashenzari
 12314 | D:6      | Found a sacrificial altar of Ru.
 12319 | D:6      | Found a hide-covered altar of Uskayaw.
 13048 | D:8      | Noticed Maggie
 13287 | D:8      | Noticed a two-headed ogre
 13302 | D:7      | Reached ** piety under Ashenzari
 14109 | D:7      | Reached skill level 5 in Stealth
 14703 | D:8      | Killed a two-headed ogre
 14704 | D:8      | Reached XP level 10. HP: 81/81 MP: 18/18
 14868 | D:8      | Learned a level 5 spell: Agony
 14905 | D:9      | Found a flagged portal.
 14914 | Bailey   | Entered a bailey
 15040 | Bailey   | Reached skill level 5 in Spellcasting
 15115 | Bailey   | Identified the +0 chain mail of Uthryube {rElec Stlth+}
 16774 | D:8      | Killed Maggie
 16996 | D:8      | Reached *** piety under Ashenzari
 17418 | D:10     | Entered Level 10 of the Dungeon
 17456 | D:10     | Found a portal to a secret trove of treasure.
 17542 | D:9      | Reached skill level 5 in Fighting
 17700 | D:10     | Reached XP level 11. HP: 81/91 MP: 18/20
 17749 | D:10     | Noticed Gastronok
 17860 | D:9      | Found a staircase to the Lair.
 17863 | D:9      | Noticed a death yak
 19240 | D:10     | Noticed a two-headed ogre
 19240 | D:10     | Noticed a two-headed ogre
 19299 | D:9      | Killed a death yak
 19363 | D:10     | Noticed Lodul
 19393 | D:9      | Killed a two-headed ogre
 19605 | D:10     | Slain by a meliai

Illustrated notes

Levels and vault maps discovered:
D:1:      denvon_arrival_hothouse, layout_loops_ring, serial_shops,
          nicolae_shop_stone, feat_on_display
D:2:      layout_loops_cross, serial_bayou, serial_bayou_shore_b,
          serial_bayou_lagoon_b, serial_bayou_crossing, serial_bayou_pond_d,
          serial_bayou_shore_b, ebering_ecumenical_altar_mist
D:3:      layout_basic, minmay_bisected, uniq_robin, uniq_jessica
D:4:      layout_basic, chequers_temple_overflow_statue_of_worship,
          uniq_menkaure
D:5:      layout_basic, minmay_temple_entry_trees, kennysheep_generic_room_9,
          uniq_pikel
D:6:      layout_loops_cross, gammafunk_temple_overflow_statue, serial_shops,
          shop_statue, uniq_grinder
D:7:      kb_forest_paths, layout_loops_corners
D:8:      layout_cave_pools, sword_in_stone, uniq_maggie
D:9:      layout_rooms, david_lair_generic, enter_bailey_2
D:10:     layout_basic, enter_trove_1, uniq_gastronok, uniq_lodul, uniq_erica,
          uniq_maurice

Skill      XL: |  1  2  3  4  5  6  7  8  9 10 11 |
---------------+----------------------------------+-----
Spellcasting   | 2 3 4 5 |  5.9
Stealth        | 3 4 5 6 7 |  7.3
Necromancy     | 5 6 7 8 9 |  9.4
Fighting       | 1 2 3 5 |  5.8
Unarmed Combat | 1 |  1.4
Slings         | 3 7 8 9 |  9.3
Dodging        | 3 4 |  4.9

Action                   |  1- 3 |  4- 6 |  7- 9 | 10-12 || total
-------------------------+-------+-------+-------+-------++-------
Melee: Unarmed           |    37 |    17 |    17 |       ||    71
       Whip              |       |       |    33 |     5 ||    38
       Broad axe         |       |       |       |    25 ||    25
       Punch             |       |       |       |     1 ||     1
 Fire: Hunting sling     |       |       |    52 |    37 ||    89
Throw: Dart              |       |    11 |    33 |    40 ||    84
       Stone             |       |       |    50 |       ||    50
 Cast: Pain              |    51 |   164 |   208 |   202 ||   625
       Animate Skeleton  |     9 |    23 |    12 |    24 ||    68
       Vampiric Draining |       |     8 |    18 |    50 ||    76
       Animate Dead      |       |       |       |     1 ||     1
       Agony             |       |       |       |     1 ||     1
Invok: Curse Item        |       |       |     4 |     1 ||     5
Evoke: Wand              |       |       |       |    12 ||    12
  Use: Scroll            |       |     8 |     8 |     1 ||    17
       Potion            |       |       |     3 |     3 ||     6
Armor: Robe              |    12 |     9 |    30 |    29 ||    80
Dodge: Dodged            |    48 |    38 |    79 |   150 ||   315
Block: Other             |       |     8 |    40 |    46 ||    94
       Reflection        |       |       |     5 |     2 ||     7

Table legend: (Time is in decaauts)
 A = Elapsed time spent in this place.
 B = Non-inter-level travel time spent in this place.
 C = Inter-level travel time spent in this place.
 D = Time resting spent in this place.
 E = Time spent auto-exploring this place.
 F = Levels seen in this place.
 G = Mean time per level.
                   A        B        C        D        E       F      G
               +--------+--------+--------+--------+--------+-----+--------+
         Total |  19717 |  11376 |   8341 |   6060 |   1669 |  11 | 1792.5 |
       Dungeon |  18335 |   9994 |   8341 |   5377 |   1592 |  10 | 1833.5 |
        Bailey |   1381 |   1381 |      0 |    683 |     77 |   1 | 1381.0 |
               +--------+--------+--------+--------+--------+-----+--------+

Top non-repeatable levels by time:
     D:5: 3023 daAuts
     D:3: 2816 daAuts
     D:2: 2326 daAuts
     D:9: 2280 daAuts
     D:7: 2200 daAuts
     D:4: 1591 daAuts
  Bailey: 1381 daAuts
     D:8: 1378 daAuts
     D:1: 1370 daAuts
     D:6: 1116 daAuts
    D:10: 230 daAuts
